Map: Year Zero LE

Players

Rail

  • Race: Protoss Protoss
  • League: Grandmaster
  • Spawn Location: 1:00

Elazer - Winner!

  • Race: Zerg Zerg
  • Spawn Location: 11:00

Event: 2019 WCS Winter Europe

VOD

Have the link to the VOD?

Description

Time

  • Played on: March 23, 2019, 10:12 a.m.
  • Length: 9:44

All games in this series

Show
View Real Time Build Order
Export as new Build Order

Rail Protoss 

Build Orders: Nexus First, Oracle Opening, Phoenix Opening, Archon Immortal 

Get SALT Encoding   

  12  0:00  Probe  
  13  0:12  Probe  
  14  0:20  Pylon  
  14  0:25  Probe  
  15  0:34  Probe  
  15  0:42  Probe  
  17  0:53  Probe  
  18  1:03  Nexus  
  18  1:13  Gateway  
  18  1:15  Probe  
  19  1:19  Assimilator  
  19  1:23  Probe  
  19  1:28  Assimilator  
  19  1:31  Probe  
  20  1:37  Pylon  
  21  1:42  Probe  
  22  1:54  Probe  
  22  2:00  Cybernetics Core  
  23  2:06  Probe  
  24  2:09  Zealot  
  26  2:16  Probe  
  26  2:18  Probe  
  28  2:26  Probe  
  28  2:28  Probe  
  29  2:34  Probe  
  29  2:36  Stargate  
  30  2:40  Probe  
  30  2:44  Warp Gate  
  32  2:47  Gateway  
  32  2:50  Probe  
  33  2:55  Probe  
  33  2:57  Adept  
  36  3:02  Probe  
  36  3:04  Probe, Shield Battery  
  37  3:12  Phoenix, Probe  
  38  3:14  Probe  
  40  3:21  Probe  
  40  3:23  Pylon  
  40  3:26  Probe  
  44  3:31  Oracle  
  44  3:34  Probe  
  45  3:36  Assimilator  
  45  3:38  Assimilator  
  48  3:43  Pylon  
  48  3:45  Stargate  
  48  3:46  Probe  
  49  3:49  Probe  
  49  3:52  Adept  
  52  3:56  Pylon  
  52  3:59  Oracle  
  52  4:01  Probe  
  53  4:05  Probe  
  57  4:13  Probe, Pylon  
  58  4:17  Probe  
  58  4:22  Oracle  
  59  4:30  Probe  
  60  4:34  Pylon  
  60  4:37  Oracle  
  66  4:40  Adept  
  66  4:44  Adept  
  70  4:52  Pylon  
  70  4:56  Nexus  
  70  5:04  Probe  
  71  5:10  Robotics Facility  
  71  5:13  Robotics Facility  
  71  5:16  Probe x2  
  71  5:18  Shield Battery  
  73  5:22  Pylon  
  73  5:24  Forge  
  73  5:29  Probe  
  73  5:30  Pylon  
  73  5:32  Probe  
  73  5:33  Sentry x2  
  73  5:46  Probe  
  73  5:48  Immortal, Probe  
  75  5:50  Immortal  
  75  5:51  Protoss Ground Weapons Level 1, Twilight Council  
  75  5:58  Probe  
  75  6:02  Probe  
  75  6:04  Probe  
  85  6:10  Probe  
  87  6:12  Probe  
  87  6:14  Probe  
  89  6:20  Assimilator  
  89  6:22  Probe  
  89  6:23  Probe  
  89  6:24  Assimilator  
  88  6:26  Probe  
  88  6:27  Pylon  
  88  6:31  Observer  
  88  6:32  Immortal  
  94  6:35  Probe  
  94  6:36  Probe  
  94  6:38  Gateway  
  94  6:39  Charge, Gateway  
  96  6:42  Probe  
  97  6:48  Gateway  
  97  6:49  Probe, Gateway  
  97  6:53  Templar Archives  
  98  6:57  Probe  
  98  6:58  Immortal  
  103  7:09  Gateway  
  103  7:11  Gateway  
  103  7:12  Immortal  
  103  7:14  Pylon  
  105  7:27  Immortal  
  97  7:40  Nexus  
  97  7:43  High Templar x4  
  105  7:44  Zealot x2  
  105  7:48  Archon x2  
  105  7:54  Immortal, Gateway x2  
  109  8:01  Pylon  
  109  8:03  Sentry  
  109  8:05  Zealot x3  
  117  8:06  Photon Cannon  
  117  8:12  Shield Battery  
  117  8:14  Photon Cannon  
  117  8:17  Warp Prism  
  119  8:30  Zealot x4, Sentry  
  127  8:37  Stalker x2  
  131  8:45  Zealot  
  133  8:50  Zealot x3  
  133  8:51  Zealot  
  133  8:53  Zealot  
  132  9:00  Stalker  
  132  9:05  Immortal  
  132  9:07  Zealot x2  
  138  9:11  High Templar x3  
  138  9:13  Probe  
  138  9:16  Archon  
  126  9:25  Probe  
  90  9:32  Zealot x2  
  90  9:35  Zealot  
Show
View Real Time Build Order
Export as new Build Order

Elazer Zerg - Winner!

Build Orders: Hatch First, Roach Hydra 

Get SALT Encoding   

  12  0:00  Drone  
  13  0:13  Overlord  
  13  0:17  Drone  
  14  0:31  Drone x2  
  16  0:50  Hatchery  
  16  0:53  Drone  
  16  0:56  Drone  
  17  1:00  Drone  
  18  1:10  Extractor  
  17  1:15  Spawning Pool  
  16  1:18  Drone  
  16  1:22  Drone  
  18  1:28  Drone  
  19  1:39  Drone  
  20  1:50  Drone  
  21  2:01  Overlord  
  21  2:02  Queen x2, Zergling x2  
  26  2:13  Zergling x2  
  26  2:14  Drone  
  28  2:23  Drone x2  
  30  2:33  Drone  
  30  2:34  Drone  
  30  2:36  Hatchery  
  31  2:42  Queen  
  33  2:47  Overlord  
  33  2:50  Drone  
  34  2:54  Drone  
  34  2:57  Drone  
  36  3:09  Drone x2  
  36  3:10  Overlord  
  38  3:13  Drone x4  
  38  3:19  Queen  
  44  3:28  Drone x4  
  48  3:34  Overlord  
  48  3:41  Spore Crawler, Drone  
  47  3:42  Drone x4  
  52  3:50  Drone  
  52  3:53  Overlord  
  52  3:54  Drone x3  
  56  3:59  Queen  
  56  4:02  Spore Crawler  
  57  4:03  Spore Crawler  
  57  4:06  Drone x2  
  58  4:12  Drone  
  58  4:15  Drone x5  
  64  4:21  Overlord  
  64  4:23  Drone x2  
  66  4:29  Roach Warren, Drone  
  66  4:32  Overlord  
  66  4:37  Overlord  
  66  4:42  Extractor  
  66  4:43  Lair  
  66  4:44  Extractor, Drone x5  
  69  4:46  Overlord  
  69  4:47  Evolution Chamber  
  69  4:52  Overlord  
  67  4:53  Drone  
  67  4:54  Drone  
  67  4:55  Overlord  
  69  5:10  Roach x6  
  69  5:13  Zerg Missile Weapons Level 1  
  81  5:14  Overlord  
  81  5:16  Drone x4  
  81  5:21  Extractor  
  84  5:22  Extractor  
  84  5:24  Overlord  
  84  5:26  Drone x5  
  88  5:28  Drone  
  88  5:34  Extractor  
  88  5:38  Drone x5  
  88  5:42  Drone x2  
  84  5:43  Drone  
  84  5:44  Hatchery, Drone x3  
  85  5:56  Hydralisk Den  
  84  5:57  Drone x5  
  84  5:59  Drone  
  84  6:03  Drone  
  91  6:05  Glial Reconstitution, Drone x3  
  91  6:09  Overlord, Drone  
  95  6:18  Overlord  
  93  6:19  Drone  
  94  6:26  Muscular Augments, Drone  
  94  6:27  Overlord  
  94  6:28  Hydralisk x3  
  94  6:29  Hydralisk  
  94  6:31  Pneumatized Carapace  
  104  6:32  Drone  
  104  6:33  Drone  
  104  6:34  Overseer  
  104  6:38  Drone  
  105  6:40  Extractor  
  105  6:41  Roach x2  
  105  6:42  Roach  
  110  6:47  Roach x3  
  116  6:55  Roach x5  
  116  6:59  Roach x3  
  132  7:04  Overlord  
  132  7:05  Ravager  
  133  7:11  Zerg Missile Weapons Level 2  
  133  7:12  Overlord  
  131  7:17  Overlord  
  131  7:21  Hydralisk x5  
  137  7:25  Drone x5  
  140  7:32  Hydralisk  
  140  7:33  Hydralisk x2  
  136  7:41  Overlord  
  136  7:43  Hydralisk x4  
  136  7:48  Grooved Spines  
  140  7:53  Roach x5  
  150  8:00  Nydus Network  
  149  8:09  Hydralisk x7  
  149  8:12  Overlord  
  163  8:23  Overlord  
  160  8:33  Hydralisk x8  
  166  8:42  Nydus Canal  
  166  8:45  Roach x4  
  166  8:46  Roach x3  
  180  8:50  Roach x3  
  180  8:55  Roach x3  
  192  9:02  Nydus Canal  
  192  9:05  Roach x3  
  192  9:07  Overlord  
  190  9:16  Roach x4  
  184  9:20  Hydralisk x3  
  184  9:21  Overlord  
Tags
 
Add a new tag
Caveats
  • Supply blocks, unpowered buildings, or Contaminate may cause inaccurate times.
  • Supply counts are checked every 10 seconds.